 Dungeon Crawl Stone Soup version 0.23.2 (webtiles) character file.

Game seed: 14118692415417031784

1800 WhereAreMyStats08 the Cleaver (level 8, 0/75 HPs)
             Began as a Deep Dwarf Fighter on Apr 11, 2019.
             Was a Follower of Makhleb.
             Slain by a steam dragon (1 damage)
             ... on level 6 of the Dungeon.
             The game lasted 00:10:17 (4994 turns).

WhereAreMyStats08 the Cleaver (Deep Dwarf Fighter)  Turns: 4994, Time: 00:10:26

Health: 0/75       AC:  9    Str: 18 (21) XL:     8   Next: 83%
Magic:  7/7        EV: 13    Int: 10      God:    Makhleb [*.....]
Gold:   264        SH: 10    Dex: 14      Spells: 7/7 levels left

rFire    . . .     SeeInvis .   a - +0 war axe
rCold    . . .     Gourm    .   c - +0 shield
rNeg     . . .     Faith    .   b - +0 scale mail
rPois    .         Spirit   .   (no helmet)
rElec    .         Reflect  .   (no cloak)
rCorr    .         Harm     .   n - +0 pair of gloves
MR       +....                  (no boots)
Stlth    ..........             (no amulet)
HPRegen  0.00/turn              m - ring of flight
MPRegen  0.10/turn              A - +6 ring of evasion

@: non-regenerating
A: damage resistance, heal wounds, hooves 1, agile 1, sense surroundings 1, no
regeneration
a: Heal Wounds, Renounce Religion, Evoke Flight


You were on level 6 of the Dungeon.
You worshipped Makhleb.
Makhleb was aware of your devotion.
You were not hungry.

You visited 1 branch of the dungeon, and saw 6 of its levels.
You also visited: Sewer.

You collected 264 gold pieces.

Inventory:

Hand Weapons
 a - a +0 war axe (weapon)
Armour
 b - a +0 scale mail (worn)
 c - a +0 shield (worn)
 n - a +0 pair of gloves (worn)
Jewellery
 m - a ring of flight (left hand)
 z - a cursed -5 ring of dexterity {unknown}
 A - a +6 ring of evasion (right hand)
Wands
 x - a wand of random effects (16)
Scrolls
 g - a scroll of fog {unknown}
 h - a scroll of enchant armour {unknown}
 k - 4 scrolls of teleportation {unknown}
 l - a scroll of fear {unknown}
 o - 2 scrolls of remove curse {unknown}
 p - a scroll of immolation {unknown}
 q - a scroll of magic mapping {unknown}
 v - 2 scrolls of noise {unknown}
 y - a scroll of blinking {unknown}
Potions
 d - 2 potions of might
 e - 2 potions of heal wounds
 i - 2 potions of ambrosia {unknown}
 j - a potion of brilliance {unknown}
 r - a potion of magic {unknown}
 s - a potion of flight {unknown}
 u - a potion of degeneration
Comestibles
 f - 11 rations
 t - 2 chunks of flesh


   Skills:
 + Level 5.4 Fighting
 * Level 8.2 Axes
 + Level 6.4 Armour
 + Level 6.5 Shields


You had 7 spell levels left.
You didn't know any spells.
Your spell library contained the following spells:

 Spells                   Type           Power        Failure   Level  Hunger
 Corona                   Hex            #......      97%         1    ##.....
 Ensorcelled Hibernation  Hex/Ice        #.....       99%         2    ###....
 Confuse                  Hex            #.......     100%        3    ####...
 Dazzling Spray           Conj/Hex       #.....       100%        3    ####...
 Tukima's Dance           Hex            #.......     100%        3    ####...


Dungeon Overview and Level Annotations

Branches:
Dungeon (6/15)             Temple (0/1) D:5

Altars:
Makhleb
Okawaru
Uskayaw


Innate Abilities, Weirdness & Mutations

You are resistant to damage.
You can heal yourself by infusing magical energy.
You passively map a small area around you.
You do not regenerate.
You have large cloven feet.
You are agile. (Dex +2)


Message History

The ball of steam hits you.
You slash the steam dragon! You kick the steam dragon.
The steam dragon is moderately wounded.
You are engulfed in a cloud of scalding steam.
The steam dragon barely misses you.
The steam dragon claws you but does no damage.
You closely miss the steam dragon. Your kick misses the steam dragon.
The steam dragon is moderately wounded.
You are engulfed in a cloud of scalding steam.
The steam dragon closely misses you. You block the steam dragon's attack.
You barely miss the steam dragon.
The steam dragon is moderately wounded.
You block the steam dragon's attack. The steam dragon misses you.
You closely miss the steam dragon. Your kick misses the steam dragon.
The steam dragon is moderately wounded.
The steam dragon breathes steam at you. The ball of steam hits you!!
* * * LOW HITPOINT WARNING * * *
The steam dragon bites you.
You die...

######......##### ,
.....'..........# ,,
######....#..##.# *
, *
#..÷.....†.....###≈
,,<
#......####......# ,
#.......###....#.# ,
#.........<..#...#,,
* ,
#.......####.##### ,
* #.......# #..÷@.#
#.......# #.###D# ,
, #######.# #..,..#
** #.# #..###. * #.#
#..# P.,, * , #.#
*#..# ..., #.# ,...#
.... , #.+ .. ....P
###


You could see a steam dragon.

Vanquished Creatures
  Prince Ribbit (D:5)
  Grinder (D:4)
  Eustachio (D:4)
  A sky beast (D:4)
  A centaur (D:5)
  Blork the orc (D:4)
  4 bullfrogs
  A scorpion (D:3)
  3 crimson imps (D:5)
  2 jellies
  A bullfrog skeleton (D:5)
  A hound (D:4)
  An orc priest (D:5)
  An orc wizard (D:5)
  2 iguanas
  2 worker ants
  A hound skeleton (D:4)
  A worker ant zombie (D:6)
  5 gnolls
  3 river rats (D:3)
  12 adders
  An ooze (D:4)
  An adder zombie (D:5)
  An adder skeleton (D:4)
  2 worms
  8 leopard geckos
  18 orcs
  4 ball pythons
  11 giant cockroaches
  5 goblins
  7 hobgoblins
  3 jackals (D:4)
  7 quokkas
  7 bats
  9 frilled lizards
  A giant cockroach zombie (D:5)
  6 kobolds
  A quokka skeleton (D:5)
  9 rats
147 creatures vanquished.

Notes
Turn   | Place    | Note
-------+----------+-------------------------------------------
     0 | D:1      | WhereAreMyStats08 the Deep Dwarf Fighter began the quest
                  | for the Orb.
     0 | D:1      | Reached XP level 1. HP: 20/20 MP: 1/1
   313 | D:1      | Reached XP level 2. HP: 20/27 MP: 2/2
   906 | D:2      | Reached skill level 3 in Axes
   906 | D:2      | Reached XP level 3. HP: 19/34 MP: 3/3
  1142 | D:2      | Reached XP level 4. HP: 15/42 MP: 4/4
  1207 | D:2      | Noticed a +0 hand axe
  1207 | D:2      | Noticed a +0 hand axe
  1209 | D:2      | Found a hide-covered altar of Uskayaw.
  2582 | D:3      | Reached skill level 4 in Axes
  2582 | D:3      | Reached XP level 5. HP: 18/49 MP: 5/5
  2625 | D:3      | Found a glowing drain.
  2653 | Sewer    | Entered a sewer
  2915 | Sewer    | Reached XP level 6. HP: 54/57 MP: 6/6
  3386 | D:3      | Reached skill level 5 in Axes
  3815 | D:4      | Noticed Grinder
  3835 | D:4      | Killed Grinder
  3835 | D:4      | Reached skill level 5 in Armour
  3835 | D:4      | Reached skill level 5 in Shields
  3835 | D:4      | Reached XP level 7. HP: 50/64 MP: 7/7
  3929 | D:4      | Reached skill level 6 in Axes
  3946 | D:4      | Noticed Eustachio
  4132 | D:4      | Killed Eustachio
  4185 | D:4      | Found a burning altar of Makhleb.
  4191 | D:4      | Became a worshipper of Makhleb the Destroyer
  4212 | D:5      | Entered Level 5 of the Dungeon
  4212 | D:5      | Noticed Blork the orc
  4226 | D:4      | Killed Blork the orc
  4247 | D:5      | Found an iron altar of Okawaru.
  4317 | D:5      | Reached XP level 8. HP: 39/73 MP: 8/8
  4487 | D:5      | Noticed Prince Ribbit
  4488 | D:5      | Reached skill level 7 in Axes
  4490 | D:5      | Gained mutation: You are occasionally teleported next to
                  | monsters. [potion of mutation]
  4490 | D:5      | Gained mutation: Your mind is acute. (Int +2) [potion of
                  | mutation]
  4516 | D:5      | Killed Prince Ribbit
  4516 | D:5      | Reached skill level 5 in Fighting
  4543 | D:5      | Lost mutation: You are occasionally teleported next to
                  | monsters. [potion of mutation]
  4543 | D:5      | Lost mutation: Your mind is acute. (Int +2) [potion of
                  | mutation]
  4543 | D:5      | Gained mutation: You are agile. (Dex +2) [potion of
                  | mutation]
  4543 | D:5      | Gained mutation: You have large cloven feet. [potion of
                  | mutation]
  4625 | D:5      | Found a staircase to the Ecumenical Temple.
  4766 | D:5      | Reached skill level 8 in Axes
  4909 | D:6      | Reached * piety under Makhleb
  4994 | D:6      | HP: 1/75 [steam dragon/ball of steam (24)]
  4994 | D:6      | Slain by a steam dragon

Skill      XL: |  1  2  3  4  5  6  7  8 |
---------------+-------------------------+-----
Fighting       | 3 4 5 |  5.4
Axes           | 3 4 5 6 8 |  8.2
Armour         | 4 5 6 |  6.4
Shields        | 4 5 6 |  6.5

Action                   |  1- 3 |  4- 6 |  7- 9 || total
-------------------------+-------+-------+-------++-------
Melee: War axe           |   113 |   266 |   197 ||   576
       Kick              |       |       |    22 ||    22
 Abil: Heal Wounds       |       |     4 |     4 ||     8
Evoke: Wand              |       |     3 |     7 ||    10
  Use: Scroll            |       |     3 |       ||     3
       Potion            |       |       |     4 ||     4
 Stab: Invisible         |       |       |     5 ||     5
  Eat: Chunk             |     1 |     9 |     5 ||    15
Armor: Scale mail        |    48 |    90 |    50 ||   188
Dodge: Dodged            |    48 |    96 |   134 ||   278
Block: Shield            |    85 |   162 |   112 ||   359
